AoeStats
← jaclay65

Arena

510017030Analyzed
3v3 RM · 4d ago on Sep 29, 2026· 36m 45s· 6 players
Game mode
Random Map
Map size
Normal (6 player)
Population
200
Speed
Normal
Resources
Standard
Victory
Conquest
Starting age
Dark Age
Ending age
Imperial Age
RankedLock teamsTeams togetherTeam positionsShared explorationLock speedFull tech treeHidden civsTurbo modeCheats
Victory
Defeat
🇲🇽 Cumans · Mexico
1345
+16
🇺🇸 Hindustanis · United States
1342
+16
🇺🇸 Wei · United States
1243
+21
🇨🇴 Teutons · Colombia
1414
-20
🇨🇴 Bohemians · Colombia
1328
-17
🇨🇴 Celts · Colombia
1305
-16
shampoop
8:55 Feudal Age
9:23 Double-Bit Axe
9:19 Horse Collar
9:46 Gold Mining
10:14 Stone Mining
12:03 Wheelbarrow
16:53 Castle Age
17:52 Bow Saw
18:20 Gold Shaft Mining
17:46 Heavy Plow
19:44 Forging
19:39 Scale Barding Armor
21:21 Iron Casting
23:47 Husbandry
24:19 Chain Barding Armor
25:36 Bloodlines
26:22 Loom
31:57 Imperial Age
34:56 Blast Furnace
34:29 Ming Guang Armor
36:07 Elite Tiger Cavalry
jaclay65
10:12 Feudal Age
14:09 Castle Age
11:56 Double-Bit Axe
12:31 Horse Collar
13:59 Scale Barding Armor
14:30 Forging
16:42 Loom
18:41 Bloodlines
20:12 Wheelbarrow
20:34 Light Cavalry
21:17 Town Watch
22:50 Iron Casting
23:39 Chain Barding Armor
23:35 Town Watch
24:14 Husbandry
25:07 Bow Saw
26:21 Town Patrol
30:06 Fletching
30:17 Padded Archer Armor
36:17 Imperial Age
34:01 Heavy Plow
37:34 Plate Barding Armor
37:59 Blast Furnace
36:30 Hussar
luislm6621
0:45 Loom
8:39 Feudal Age
9:41 Town Watch
9:59 Double-Bit Axe
14:25 Wheelbarrow
19:35 Castle Age
17:40 Horse Collar
18:59 Forging
19:34 Scale Barding Armor
20:00 Bloodlines
20:21 Heavy Plow
20:32 Bow Saw
22:05 Gold Mining
26:58 Iron Casting
26:48 Fletching
27:43 Chain Barding Armor
28:43 Hand Cart
31:52 Imperial Age
28:50 Capped Ram
30:38 Town Patrol
31:40 Scale Mail Armor
31:17 Man-at-Arms
31:58 Squires
31:43 Arson
32:36 Gold Shaft Mining
32:51 Chain Mail Armor
32:59 Long Swordsman
34:18 Plate Mail Armor
34:48 Blast Furnace
34:04 Two-Handed Swordsman
36:02 Crop Rotation
36:33 Two-Man Saw
35:28 Champion
37:20 Plate Barding Armor
Logan
11:24 Feudal Age
13:39 Wheelbarrow
16:04 Castle Age
14:50 Double-Bit Axe
14:47 Horse Collar
30:02 Loom
Mhao
11:18 Feudal Age
13:40 Double-Bit Axe
16:06 Castle Age
13:50 Horse Collar
14:52 Stone Mining
14:53 Gold Mining
17:20 Bow Saw
17:12 Heavy Plow
18:43 Wheelbarrow
18:22 Loom
21:52 Loom
27:18 Hand Cart
27:12 Gambesons
27:50 Scale Mail Armor
28:04 Pikeman
30:30 Chain Mail Armor
30:12 Town Watch
31:01 Forging
34:06 Town Patrol
34:54 Fortified Wall
34:39 Murder Holes
RAGNAROK
12:23 Feudal Age
14:19 Wheelbarrow
16:56 Castle Age
14:56 Double-Bit Axe
15:21 Horse Collar
15:59 Bloodlines
16:32 Scale Barding Armor
24:33 Chain Barding Armor
26:24 Pikeman
27:05 Squires
27:16 Heavy Plow
31:20 Imperial Age
31:29 Halberdier
Connection lost

Rejoining the realm…

Still unreachable

The connection could not be restored.

Session expired

The server has moved on; the page needs a fresh start.